 Dungeon Crawl Stone Soup version 0.30-a0-723-gc1506a1cf0 (webtiles) character file.

Game seed: 3541406550650758476

53 Leeroy the Grasshopper (level 3, -4/31 HPs)
             Began as a Gnoll Warper on Jan 28, 2023.
             Killed by divine providence
             ... invoked by an orc priest
              (12 damage)
             ... on level 3 of the Dungeon.
             The game lasted 00:02:07 (1520 turns).

Leeroy the Grasshopper (Gnoll Warper)               Turns: 1520, Time: 00:02:08

Health: -4/31      AC:  5    Str: 10    XL:     3   Next: 87%
Magic:  9/9        EV: 13    Int: 12    God:
Gold:   44         SH:  0    Dex: 13    Spells: 4/12 levels left

rFire   . . .      SeeInvis .    a - +0 falchion
rCold   . . .      Faith    .    (no shield)
rNeg    . . .      Spirit   .    b - +0 leather armour
rPois   .          Reflect  .    k - +0 helmet
rElec   .          Harm     .    (no cloak)
rCorr   .          Rampage  .    (no gloves)
Will    .....                    n - +0 pair of boots
Stlth   +                        i - amulet of magic regeneration
HPRegen 0.25/turn                (no ring)
MPRegen 0.51/turn                (no ring)

@: no status effects
A: fangs 1, strong nose, distributed training
a: no special abilities


You were on level 3 of the Dungeon.
You visited 1 branch of the dungeon, and saw 3 of its levels.

You collected 44 gold pieces.

Inventory:

Hand Weapons
 a - a +0 falchion (weapon)
Missiles
 d - 7 boomerangs of dispersal (quivered)
 e - 11 poisoned darts
 p - 4 atropa-tipped darts
Armour
 b - a +0 leather armour (worn)
 k - a +0 helmet (worn)
 n - a +0 pair of boots (worn)
Jewellery
 i - an amulet of magic regeneration (around neck)
Scrolls
 f - 5 scrolls of identify {unknown}
 g - a scroll of fog {unknown}
 l - a scroll of amnesia {unknown}
 m - 2 scrolls of fear {unknown}
Potions
 h - a potion of berserk rage {unknown}
 j - a potion of curing {unknown}
 o - 2 potions of flight {unknown}


   Skills:
 + Level 4.6 Fighting
 + Level 1.0 Short Blades
 + Level 4.6 Long Blades
 + Level 1.0 Axes
 + Level 1.0 Maces & Flails
 + Level 1.0 Polearms
 + Level 1.0 Staves
 + Level 1.0 Ranged Weapons
 + Level 2.7 Throwing
 + Level 2.7 Armour
 + Level 4.6 Dodging
 + Level 1.0 Stealth
 + Level 1.0 Shields
 + Level 1.0 Unarmed Combat
 + Level 5.0 Spellcasting
 + Level 0.7 Conjurations
 + Level 0.7 Hexes
 + Level 0.7 Summonings
 + Level 0.7 Necromancy
 + Level 5.4 Translocations
 + Level 0.7 Transmutations
 + Level 0.7 Fire Magic
 + Level 0.7 Ice Magic
 + Level 0.7 Air Magic
 + Level 0.7 Earth Magic
 + Level 0.7 Poison Magic
 + Level 1.1 Invocations
 + Level 1.0 Evocations


You had 4 spell levels left.
You knew the following spells:

 Your Spells              Type           Power      Damage    Failure   Level
a - Blink                 Tloc           32%        N/A       4%          2
b - Teleport Other        Tloc           16%        N/A       9%          3
c - Vhi's Electric Charg  Tloc/Air       20%        N/A       22%         3

Your spell library contained the following spells:

 Spells                   Type           Power      Damage    Failure   Level
 Lesser Beckoning         Tloc           32%        N/A       4%          2
 Cigotuvi's Dreadful Rot  Necr/Pois/Air  8%         N/A       28%         2
 Poisonous Vapours        Pois/Air       8%         N/A       28%         2
 Manifold Assault         Tloc           16%        N/A       28%         4
 Mephitic Cloud           Conj/Pois/Air  4%         N/A       50%         3


Dungeon Overview and Level Annotations

Branches:
Dungeon (3/15)

Altars:

Shops:
D:1 :(:((   D:2 ?


Innate Abilities, Weirdness & Mutations

You have very sharp teeth.
Your uncanny sense of smell can sniff out nearby items.
Your experience applies equally to all skills.


Message History

No target in view!
No target in view!
No target in view!
No target in view!
An orc and an orc priest come into view.
The orc shouts!
A quokka comes into view.
There are monsters nearby!
An orc priest comes into view. It is wielding a +0 dagger.
The orc priest shouts!
An orc comes into view.
It is wielding a +0 dagger and quivering boomerangs of dispersal.
An orc wizard comes into view. It is wielding a +0 dagger.
The orc shouts!
You hear a shout!
The orc barely misses you.
You hit the orc.
The orc is almost dead.
An orc comes into view. It is wielding a +0 club.
The orc priest mumbles some strange prayers to Beogh against you.
Beogh smites you! The orc misses you.
The orc wizard casts a spell.
The orc wizard flickers and vanishes!
Deactivating autopickup; reactivate with Ctrl-A.
You slash the orc!
You kill the orc!
The orc priest calls down the wrath of Beogh upon you.
You barely resist.
The orc priest calls down the wrath of Beogh upon you.
Beogh smites you!
* * * LOW HITPOINT WARNING * * *
The quokka twitches its whiskers.
You are too injured to fight recklessly!
You are too injured to fight recklessly!
You are too injured to fight recklessly!
Okay, then.
Blink to where?
Press: ? - help, Dir - move target
As you read the scroll of blinking, it crumbles to dust.
The orc priest invokes the aid of Beogh against you.
Beogh smites you!
You die...

..# .......ยง#r#...# ..
#..##...##..o.....# ...
........#.........# ....
........#........## ...
.......#........###.###
#.#...#...............
.##.....................
..........#.#####....... .#
#####..@..#.# #........
.#############.......# #........
.....#.......#.......# #........
.....#.......#.......####........
.....#.......#....#..............
.....#...............>.#....#####
.....######.....#...####..).####
................#..............#
#...............#........##....#


You could see an orc priest.

Vanquished Creatures
  An adder skeleton (D:2)
  A worm (D:2)
  2 orcs (D:3)
  3 ball pythons
  A bat zombie (D:2)
  6 endoplasms
  3 giant cockroaches
  3 goblins (D:2)
  A hobgoblin (D:3)
  2 quokkas (D:1)
  A ball python skeleton (D:2)
  A ball python zombie (D:2)
  3 bats (D:2)
  3 frilled lizards
  7 kobolds
  3 rats
41 creatures vanquished.

Vanquished Creatures (others)
  A withered plant (D:2)
1 creature vanquished.

Grand Total: 42 creatures vanquished

Notes
Turn   | Place    | Note
-------+----------+-------------------------------------------
     0 | D:1      | Leeroy the Gnoll Warper began the quest for the Orb.
     0 | D:1      | Reached XP level 1. HP: 20/20 MP: 6/6
    64 | D:1      | Found Kouxkin's Weapon Emporium.
   270 | D:1      | Found Inoxaus's Weapon Emporium.
   278 | D:1      | Found Jegutofi's Antique Weapon Boutique.
   332 | D:1      | Reached XP level 2. HP: 26/26 MP: 7/7
   343 | D:1      | Found Osiwk's Book Boutique.
   687 | D:1      | Found Myod Qei's Book Shop.
   789 | D:2      | Found Ifout's Magic Scroll Shop.
   871 | D:2      | Reached skill level 5 in Spellcasting
   871 | D:2      | Reached XP level 3. HP: 31/31 MP: 7/9
  1066 | D:2      | Reached skill level 1 in Invocations
  1406 | D:3      | Reached skill level 1 in Short Blades
  1406 | D:3      | Reached skill level 1 in Axes
  1406 | D:3      | Reached skill level 1 in Maces & Flails
  1406 | D:3      | Reached skill level 1 in Polearms
  1406 | D:3      | Reached skill level 1 in Staves
  1406 | D:3      | Reached skill level 1 in Ranged Weapons
  1406 | D:3      | Reached skill level 1 in Stealth
  1406 | D:3      | Reached skill level 1 in Shields
  1406 | D:3      | Reached skill level 1 in Unarmed Combat
  1406 | D:3      | Reached skill level 1 in Evocations
  1448 | D:3      | Learned a level 2 spell: Blink
  1452 | D:3      | Learned a level 3 spell: Teleport Other
  1456 | D:3      | Learned a level 3 spell: Vhi's Electric Charge
  1520 | D:3      | Killed from afar by an orc priest

Illustrated notes

Levels and vault maps discovered:
D:1:      dpeg_arrival_oval, layout_basic, serial_shops, shop,
          nicolae_lakefront_shop, nicolae_shop_hallway_stairs,
          nicolae_shop_hallway_stairs, nicolae_shop_behind_doors
D:2:      cheibrodos_helix_gallery, layout_basic, serial_shops,
          nicolae_shop_temple_entry_statues_fountains, serial_undead,
          serial_undead_d, serial_undead_c, serial_undead_f, serial_undead_e
D:3:      layout_basic, uniq_jessica

Skill      XL: |  1  2  3 |
---------------+----------+-----
Spellcasting   | 5 |  5.0
Invocations    | 1 |  1.1
Short Blades   | 1 |  1.0
Axes           | 1 |  1.0
Maces & Flails | 1 |  1.0
Polearms       | 1 |  1.0
Staves         | 1 |  1.0
Ranged Weapons | 1 |  1.0
Stealth        | 1 |  1.0
Shields        | 1 |  1.0
Unarmed Combat | 1 |  1.0
Evocations     | 1 |  1.0
Fighting       | |  4.6
Long Blades    | |  4.6
Throwing       | |  2.7
Armour         | |  2.7
Dodging        | |  4.6
Conjurations   | |  0.7
Hexes          | |  0.7
Summonings     | |  0.7
Necromancy     | |  0.7
Translocations | |  5.4
Transmutations | |  0.7
Fire Magic     | |  0.7
Ice Magic      | |  0.7
Air Magic      | |  0.7
Earth Magic    | |  0.7
Poison Magic   | |  0.7

Action                     || total
---------------------------++-------
  Melee: Falchion          ||   138
         Punch             ||     2
         Bite              ||    11
    Use: Scroll            ||     1
   Stab: Sleeping          ||     1
 Armour: Leather armour    ||    31
  Dodge: Dodged            ||   106

Table legend: (Time is in decaauts)
 A = Elapsed time spent in this place.
 B = Non-inter-level travel time spent in this place.
 C = Inter-level travel time spent in this place.
 D = Time resting spent in this place.
 E = Time spent auto-exploring this place.
 F = Levels seen in this place.
 G = Mean time per level.
                   A        B        C        D        E       F      G
               +--------+--------+--------+--------+--------+-----+--------+
         Total |   1534 |   1498 |     36 |      0 |   1136 |   3 |  511.3 |
       Dungeon |   1534 |   1498 |     36 |      0 |   1136 |   3 |  511.3 |
               +--------+--------+--------+--------+--------+-----+--------+

Top non-repeatable levels by time:
     D:1: 732 daAuts
     D:2: 679 daAuts
     D:3: 122 daAuts
